 Dungeon Crawl Stone Soup version 0.29.1-1-gd02db6906a (webtiles) character file.

Game seed: 7061403408420431343

68 AarnesTheHuman the Chopper (level 4, -3/39 HPs)
             Began as a Hill Orc Monk on Oct 4, 2022.
             Was a Follower of Beogh.
             Slain by an orc priest
             ... wielding a +0 short sword
              (4 damage)
             ... on level 2 of the Dungeon.
             The game lasted 00:05:03 (3412 turns).

AarnesTheHuman the Chopper (Hill Orc Monk)          Turns: 3412, Time: 00:05:04

Health: -3/39      AC:  3    Str: 15    XL:     4   Next: 19%
Magic:  1/4        EV: 12    Int: 10    God:    Beogh [*.....]
Gold:   78         SH:  0    Dex: 13    Spells: 3/3 levels left

rFire   . . .      SeeInvis .   a - +0 hand axe
rCold   . . .      Faith    .   (no shield)
rNeg    . . .      Spirit   .   b - +0 robe
rPois   .          Reflect  .   (no helmet)
rElec   .          Harm     .   (no cloak)
rCorr   .          Rampage  .   g - +0 pair of gloves
Will    .....                   (no boots)
Stlth   ++........              (no amulet)
HPRegen 0.13/turn               (no ring)
MPRegen 0.09/turn               (no ring)

@: no status effects
A: no striking features
a: Renounce Religion


You were on level 2 of the Dungeon.
You worshipped Beogh.
Beogh was aware of your devotion.
You visited 1 branch of the dungeon, and saw 3 of its levels.

You collected 78 gold pieces.

Inventory:

Hand Weapons
 a - a +0 hand axe (weapon)
Missiles
 j - 12 stones (quivered)
 n - 4 poisoned darts
Armour
 b - a +0 robe (worn)
 d - the +1 scale mail "Iwiskaf" {Harm rPois MP+9 Dex-5}
   (You found it on level 2 of the Dungeon)

   Dex:       It affects your dexterity (-5).
   rPois:     It protects you from poison.
   MP:        It affects your magic capacity (+9).
   Harm:      It increases damage dealt and taken.
 g - a +0 pair of gloves (worn)
Jewellery
 i - a ring of ice
Scrolls
 h - a scroll of butterflies
Potions
 c - a potion of ambrosia
 e - 4 potions of curing
 f - 4 potions of degeneration {unknown}
 k - a potion of brilliance {unknown}
 l - a potion of magic {unknown}
 m - a potion of lignification {unknown}


   Skills:
 - Level 3.6 Fighting
 + Level 6.5 Axes
 - Level 2.4 Dodging
 - Level 1.5 Stealth


You had 3 spell levels left.
You didn't know any spells.
Your spell library was empty.

Dungeon Overview and Level Annotations

Branches:
Dungeon (3/15)

Altars:


Message History

You climb upwards.
There is a stone staircase leading down here.
You hit the orc priest.
The orc priest is moderately wounded.
The orc priest invokes the aid of Beogh against you.
You barely resist.
You hit the orc priest but do no damage.
The orc priest is moderately wounded.
The orc priest invokes the aid of Beogh against you.
Beogh smites you!
* * * LOW HITPOINT WARNING * * *
You hit the orc priest but do no damage.
The orc priest is moderately wounded.
The orc priest hits you but does no damage.
Aiming: Smiting
Press: ? - help, Dir - move target, f - orc priest Smite: an orc priest, wielding a +0 short sword and wearing a +0 scale mail (lightly wounded)
You smite the orc priest!
The orc priest is severely wounded.
You can no longer smite your foes.
The orc priest barely misses you.
You hit the orc priest.
The orc priest is almost dead.
The orc priest hits you with a +0 short sword.
* * * LOW HITPOINT WARNING * * *
You barely miss the orc priest.
The orc priest is almost dead.
You closely miss the orc priest.
The orc priest is almost dead.
The orc priest hits you with a +0 short sword.
* * * LOW HITPOINT WARNING * * *
You hit the orc priest but do no damage.
The orc priest is almost dead.
The orc priest hits you with a +0 short sword.
* * * LOW HITPOINT WARNING * * *
You closely miss the orc priest.
The orc priest is almost dead.
The orc priest hits you with a +0 short sword.
You die...
Beogh appreciates the orc priest's killing of a heretic priest.

#.# #.# ##.##.......## #.#
#.###...#.#...#.# #.#
#.....#.#.##.##.#
#.###########..##.#.#.##.##.#
#..........##.....#....#.##.##
##########.##..#######...##..#
#.###....#....#####.#
#.###o##.#...## #.#
#...@.##.#...# #.#
#..#####....## #.#
##########..# ####.# #.#
#...........########.# #.#
#.#########........#.# #.# #.#
#..........# #.# #.#
#.####.....# #.# #.# #.#
#.#.#.# #.# ##†## #.# #.#.#.#
#.#


You could see an orc priest.

Vanquished Creatures
  An adder (D:2)
  3 worms (D:2)
  4 dart slugs (D:1)
  An orc (D:3)
  3 ball pythons
  5 endoplasms
  3 giant cockroaches (D:1)
  2 hobgoblins (D:1)
  5 jackals (D:1)
  2 kobolds
  2 quokkas (D:1)
  3 bats (D:1)
  3 frilled lizards
  2 rats
39 creatures vanquished.

Notes
Turn   | Place    | Note
-------+----------+-------------------------------------------
     0 | D:1      | AarnesTheHuman the Hill Orc Monk began the quest for the
                  | Orb.
     0 | D:1      | Reached XP level 1. HP: 19/19 MP: 1/1
   437 | D:1      | Reached XP level 2. HP: 25/26 MP: 2/2
   555 | D:1      | Reached skill level 5 in Axes
   991 | D:1      | Reached XP level 3. HP: 31/31 MP: 3/3
  1671 | D:2      | Noticed a great orb of eyes
  1674 | D:2      | Found a faded altar of an unknown god.
  1676 | D:2      | Identified the +1 scale mail "Iwiskaf" {Harm rPois MP+9
                  | Dex-5}
  1676 | D:2      | Noticed a shining eye
  1696 | D:2      | Reached skill level 6 in Axes
  1704 | D:2      | Noticed a great orb of eyes
  1714 | D:2      | Noticed an eye of devastation
  2724 | D:2      | Reached XP level 4. HP: 7/39 MP: 4/4
  3256 | D:3      | Became a worshipper of Beogh the Brigand
  3256 | D:3      | Reached * piety under Beogh
  3256 | D:3      | Reached ** piety under Beogh
  3411 | D:2      | HP: 1/39 [orc priest/+0 short sword (6)]
  3412 | D:2      | Slain by an orc priest

Illustrated notes

Levels and vault maps discovered:
D:1:      evilmike_arrival_grusome_pit, layout_basic,
          chequers_serial_rivers_small_a
D:2:      layout_loops_ring, hellmonk_ecumenical_altar_watching_god
D:3:      layout_loops_cross, serial_park_tiny_1

Skill      XL: |  1  2  3 |
---------------+----------+-----
Axes           | 5 6 |  6.5
Fighting       | |  3.6
Dodging        | |  2.4
Stealth        | |  1.5

Action                   |  1- 3 |  4- 6 || total
-------------------------+-------+-------++-------
Melee: Hand axe          |   167 |    21 ||   188
       Punch             |     5 |       ||     5
Throw: Stone             |     4 |     2 ||     6
Invok: Smiting           |       |     1 ||     1
       Convert to Beogh  |       |     1 ||     1
  Use: Scroll            |     4 |       ||     4
 Stab: Sleeping          |     5 |     1 ||     6
Armor: Robe              |    21 |     4 ||    25
Dodge: Dodged            |    87 |    10 ||    97
